 Dungeon Crawl Stone Soup version 0.19-a0-717-g9675980 (webtiles) character file.

17801 DarthKuruptios the Cleaver (level 12, -2/100 HPs)
             Began as a Demonspawn Berserker on May 24, 2016.
             Was a High Priest of Trog.
             Slain by Sonja
             ... wielding a +0 short sword of distortion
              (11 damage)
             ... on level 1 of the Lair of Beasts on June 20, 2016.
             The game lasted 00:52:31 (12239 turns).

DarthKuruptios the Cleaver (Demonspawn Berserker)  Turns: 12239, Time: 00:52:31

Health: -2/100     AC: 23    Str: 26    XL:     12   Next: 22%
Magic:  12/12      EV: 14    Int:  8    God:    Trog [*****.]
Gold:   156        SH:  3    Dex: 19    Spells: 0 memorised, 11 levels left

rFire  + . .     SeeInvis .     R - +0 war axe
rCold  x . .     Gourm    .     N - +0 plate armour
rNeg   . . .     Faith    .     (no shield)
rPois  .         Spirit   .     d - +2 helmet
rElec  .         Dismiss  .     v - +1 cloak
rCorr  .         Reflect  +     m - +2 pair of gloves
SustAt .         Harm     .     (no boots)
MR     ++...                    J - +3 amulet of reflection
Stlth  ..........               B - ring of Relativism {Fire Str+4 Stlth+}
                                i - ring of flight

@: mighty, lethally poisoned (-2 -> -52), about to teleport, regenerating,
slowed, very slow, very resistant to hostile enchantments, extremely unstealthy
A: hooves 1, repulsion field 2, mutation resistance 1, powered by pain 2, spiny
2
a: Berserk, Trog's Hand, Brothers in Arms, Burn Spellbooks, Renounce Religion,
Evoke Flight


You were on level 1 of the Lair of Beasts.
You worshipped Trog.
Trog was extremely pleased with you.
You were not hungry.

You visited 2 branches of the dungeon, and saw 13 of its levels.
You also visited: Ossuary.

You collected 771 gold pieces.
You spent 615 gold pieces at shops.

Inventory:

Hand Weapons
 F - a +5 broad axe of electrocution
 R - a +0 war axe (weapon)
Missiles
 t - 8 tomahawks (quivered)
Armour
 d - a +2 helmet (worn)
 m - a +2 pair of gloves (worn)
 v - a +1 cloak (worn)
 N - a +0 plate armour (worn)
Rods
 a - a +1 rod of shadows (10/10)
   (You found it on level 5 of the Dungeon)
Jewellery
 i - a ring of flight (left hand)
 y - an uncursed ring of protection from magic
 B - the ring of Relativism (right hand) {Fire Str+4 Stlth+}
   (You acquired it in an ossuary)

   [ring of fire]

   It enhances your fire magic, and weakens your ice magic.
   It affects your strength (+4).
   It protects you from fire.
   It makes you vulnerable to cold.
   It makes you more stealthy.
 C - a cursed -2 ring of slaying {unknown}
 J - a +3 amulet of reflection (around neck)
Wands
 k - a wand of polymorph (4/24)
 w - a wand of flame (13/48)
 A - a wand of flame (28/48)
 G - a wand of iceblast (11/15)
 K - a wand of digging (15/24)
 L - a wand of hasting (4/9)
 M - a wand of paralysis (11/24)
 P - a wand of disintegration (15/24)
Scrolls
 b - a scroll of remove curse
 e - 6 scrolls of teleportation
 f - 6 scrolls of recharging
 g - a scroll of identify
 E - 2 scrolls of blinking
 I - 2 scrolls of magic mapping
 U - a scroll of enchant armour
Potions
 h - 3 potions of lignification
 j - 3 potions of brilliance
 l - 2 potions of heal wounds
 n - 7 potions of curing
 o - a potion of might
 r - a potion of experience {unknown}
 s - a potion of magic {unknown}
 z - 3 potions of flight {unknown}
 H - a potion of agility {unknown}
Comestibles
 c - 8 bread rations
 p - 5 meat rations
 q - 3 beef jerkies
 u - 3 chunks of flesh
 D - 20 fruits
 O - 2 royal jellies


   Skills:
 + Level 11.1 Fighting
 + Level 11.5 Axes
 + Level 0.8 Throwing
 + Level 9.4 Armour
 + Level 5.5 Dodging
 + Level 3.1 Stealth
 + Level 0.4 Evocations


You had 11 spell levels left.
You didn't know any spells.

Dungeon Overview and Level Annotations

Branches:
Dungeon (12/15)            Temple (0/1) D:4            Lair (1/8) D:9
    Orc (0/2) D:10

Altars:
Cheibriados
Elyvilon
Gozag
Hepliaklqana
Makhleb
Nemelex Xobeh
Okawaru
Pakellas
Ru
Sif Muna
Trog
Uskayaw
Vehumet
Xom
Zin

Shops:
D:4 *   D:5 [*}   D:10 *

Portals:
Trove: D:10 (give 2 potions of cure mutation)

Annotations:
D:5 shop. good stuff go to it. by discs of storms and shit
D:10 GET THE POTIONS. and get 2 cure muttations
Lair:1 Sonja


Innate Abilities, Weirdness & Mutations

You have large cloven feet.
You are surrounded by a moderate repulsion field. (EV +3)
You sometimes gain power by taking damage.
You are mostly covered in sharp spines.
You are somewhat resistant to further mutation.


Message History

A curare-tipped needle appears from out of thin air!
The curare-tipped needle hits you.
You are more poisoned.
You have difficulty breathing.
* * * LOW HITPOINT WARNING * * *
You feel as though you will be slow longer.
The river rat bites you but does no damage.
A curare-tipped needle appears from out of thin air!
You reflect the curare-tipped needle off an invisible shield around you!
* * * LOW HITPOINT WARNING * * *
You feel extremely sick. Something barely misses you.
Something hits you but does no damage.
You feel strangely unstable. Something completely misses you.
The river rat is struck by your spines.
You kill the river rat!
Trog accepts your kill. Something hits you but does no damage.
Space bends around you.
* * * LOW HITPOINT WARNING * * *
Something hits you but does no damage. Space warps horribly around you!
You die...

#. #.. #.# # ### ..#
###.##+#########.#######
.##.........##.........#
..#.........'.#††......#
#.'.........P..(†......#
####.#......###.@......#
#.>.##....# ##.{.##P##
#.......##..# #..##
....⌠....#### ##.#
..##.##...# .#
.##.#.##...# .# .#.# .
#...# .# #. . ...# .. .
...


There were no monsters in sight!

Vanquished Creatures
  A fire giant (D:11)
  Erolcha (D:11)
  The ghost of Xcelar the Cleaver, a novice FoFi of Okawaru (D:11)
  Pikel (D:7)
  3 hill giants
  An ugly thing (D:11)
  4 cyclopes (D:11)
  2 manticores (D:11)
  Maurice (D:9)
  Psyche (D:9)
  A komodo dragon (Lair:1)
  2 guardian mummies (D:10)
  4 slime creatures (D:12)
  2 two-headed ogres
  11 yaks
  A vampire (D:11)
  A hungry ghost (D:11)
  A steam dragon (D:11)
  Menkaure (D:7)
  Edmund (D:6)
  A porcupine (Lair:1)
  2 sky beasts (D:5)
  2 ice beasts
  3 orc warriors
  A wasp (D:11)
  4 necrophages
  A black bear (D:8)
  A phantom (D:9)
  An eye of draining (D:11)
  6 ogres
  2 centaurs
  A big kobold (D:8)
  2 crocodiles
  5 giant frogs
  The ghost of Wraiths the Sneak, an amateur VSEn (D:3)
  A wyvern skeleton (D:6)
  3 scorpions
  11 killer bees
  6 crimson imps
  4 centaur zombies
  2 quasits (D:10)
  3 hounds
  8 jellies
  Crazy Yiuf (D:3)
  A gnoll shaman (D:6)
  4 orc priests
  8 orc wizards
  Ijyb (D:2)
  3 iguanas
  9 worker ants
  A hell rat (D:9)
  2 big kobold zombies (Ossuary)
  2 hound skeletons (D:11)
  4 mummies (Ossuary)
  2 worker ant zombies (D:5)
  A howler monkey zombie (D:9)
  Robin (D:3)
  5 gnolls (D:6)
  13 adders
  12 river rats
  6 shadow imps
  An adder skeleton (D:9)
  4 worms
  2 dart slugs
  4 giant geckos
  47 orcs
  6 bats
  7 giant cockroaches
  20 goblins
  7 hobgoblins
  14 jackals
  3 quokkas
  3 sheep
  2 ball pythons
  A ball python zombie (D:5)
  4 giant newts
  3 hobgoblin zombies (Ossuary)
  5 kobolds
  A quokka zombie (D:5)
  7 rats
329 creatures vanquished.

Vanquished Creatures (collateral kills)
  An ice beast (D:8)
  An ogre (D:8)
  A giant frog (D:8)
3 creatures vanquished.

Vanquished Creatures (others)
  A centaur (D:7)
  A giant gecko zombie (D:7)
2 creatures vanquished.

Grand Total: 334 creatures vanquished

Notes
Turn   | Place    | Note
--------------------------------------------------------------
     0 | D:1      | DarthKuruptios the Demonspawn Berserker began the quest for the Orb.
     0 | D:1      | Reached XP level 1. HP: 18/18 MP: 1/1
   167 | D:1      | Gained mutation: You are partially covered in sharp spines. [demonic ancestry]
   167 | D:1      | Reached XP level 2. HP: 23/24 MP: 0/2
   498 | D:1      | Reached ** piety under Trog
   961 | D:2      | Found a sacrificial altar of Ru.
   978 | D:2      | Gained mutation: You are mostly covered in sharp spines. [demonic ancestry]
   978 | D:2      | Reached XP level 3. HP: 29/29 MP: 3/3
   991 | D:2      | Upgraded the game from 0.19-a0-252-g247cc30 to 0.19-a0-717-g9675980
  1221 | D:2      | Noticed Ijyb
  1235 | D:2      | Killed Ijyb
  1508 | D:2      | Gained mutation: You are surrounded by a mild repulsion field. (EV +2) [demonic ancestry]
  1508 | D:2      | Reached XP level 4. HP: 34/37 MP: 4/4
  1881 | D:3      | Reached skill level 1 in Stealth
  1886 | D:3      | Noticed Wraiths's ghost (amateur VSEn)
  1905 | D:3      | Killed Wraiths's ghost
  1905 | D:3      | Gained mutation: You have large cloven feet. [demonic ancestry]
  1905 | D:3      | Reached XP level 5. HP: 29/42 MP: 5/5
  2036 | D:3      | Noticed Robin
  2051 | D:3      | Killed Robin
  2053 | D:3      | Reached *** piety under Trog
  2265 | D:3      | Noticed Crazy Yiuf
  2274 | D:3      | HP: 3/64 [Crazy Yiuf/quarterstaff of chaos (5)]
  2275 | D:3      | Killed Crazy Yiuf
  2624 | D:3      | Reached XP level 6. HP: 49/49 MP: 6/6
  2932 | D:3      | Found a hide-covered altar of Uskayaw.
  3231 | D:4      | Found Zin's Purification Station.
  3236 | D:4      | Found a glowing silver altar of Zin.
  3305 | D:4      | Found a staircase to the Ecumenical Temple.
  3429 | D:4      | Found a radiant altar of Vehumet.
  3464 | D:4      | Found an oddly glowing altar of Pakellas.
  3808 | D:4      | Found a white marble altar of Elyvilon.
  4356 | D:5      | Entered Level 5 of the Dungeon
  4356 | D:5      | Found Logassesm's Gadget Shoppe.
  4356 | D:5      | Found a bloodstained altar of Trog.
  4367 | D:5      | Reached **** piety under Trog
  4394 | D:5      | Found Joufiseb's Antique Armour Shop.
  4425 | D:5      | Noticed a sky beast
  4431 | D:5      | Killed a sky beast
  4431 | D:5      | Reached skill level 5 in Fighting
  4431 | D:5      | Gained mutation: You sometimes gain a little power by taking damage. [demonic ancestry]
  4431 | D:5      | Reached XP level 7. HP: 56/56 MP: 7/7
  4619 | D:5      | Found Heelacw's Assorted Antiques.
  4622 | D:5      | Bought a dented golden amulet for 125 gold pieces
  4673 | D:5      | Found a deep blue altar of Sif Muna.
  4711 | D:5      | Found a snail-covered altar of Cheibriados.
  4795 | D:5      | Identified a +1 rod of shadows (10/10) (You found it on level 5 of the Dungeon)
  5115 | D:6      | Noticed Edmund
  5127 | D:6      | Killed Edmund
  5149 | D:6      | Found a shimmering altar of Xom.
  5157 | D:6      | Reached skill level 5 in Axes
  5177 | D:6      | Reached XP level 8. HP: 39/64 MP: 8/8
  5310 | D:6      | Found a sand-covered staircase.
  5319 | Ossuary  | Entered an ossuary
  5620 | Ossuary  | Identified a scroll of acquirement
  5621 | Ossuary  | Got a wavering lapis lazuli ring
  5622 | Ossuary  | Identified the ring of Relativism {Fire Str+4 Stlth+} (You acquired it in an ossuary)
  5852 | D:6      | Found a sparkling altar of Nemelex Xobeh.
  5958 | D:6      | Reached ***** piety under Trog
  6248 | D:7      | Found an iron altar of Okawaru.
  6249 | D:7      | Noticed Menkaure
  6257 | D:7      | Killed Menkaure
  6544 | D:7      | Reached XP level 9. HP: 69/71 MP: 9/9
  6749 | D:7      | Noticed Pikel
  6758 | D:7      | Killed Pikel
  6758 | D:7      | Reached skill level 5 in Armour
  6849 | D:7      | Found an iron altar of Okawaru.
  7301 | D:8      | Found a burning altar of Makhleb.
  7301 | D:8      | Noticed a blizzard demon
  7310 | D:8      | Got a fine mace
  7311 | D:8      | Identified the cursed +1 mace of the Silent Majority {freeze, *Corrode rElec rN+++ Str+7} (You found it on level 8 of the Dungeon)
  7921 | D:9      | Found an opulent altar of Gozag.
  7936 | D:9      | Found a staircase to the Lair.
  8019 | D:9      | Noticed Psyche
  8027 | D:9      | Killed Psyche
  8027 | D:9      | Reached skill level 5 in Dodging
  8027 | D:9      | Gained mutation: You sometimes gain power by taking damage. [demonic ancestry]
  8027 | D:9      | Reached XP level 10. HP: 80/80 MP: 10/10
  8192 | D:9      | Found a hazy altar of Hepliaklqana.
  8283 | D:9      | Noticed Maurice
  8294 | D:9      | Killed Maurice
  8401 | D:9      | Found a sparkling altar of Nemelex Xobeh.
  8590 | D:10     | Entered Level 10 of the Dungeon
  8591 | D:10     | Noticed a hill giant
  8597 | D:10     | Killed a hill giant
  8768 | D:10     | Found Seesofe's Changing Room.
  9008 | D:10     | Found a portal to a secret trove of treasure.
  9263 | D:10     | You fall through a shaft for 2 floors!
  9300 | D:12     | Gained mutation: You are surrounded by a moderate repulsion field. (EV +3) [demonic ancestry]
  9300 | D:12     | Reached XP level 11. HP: 24/89 MP: 11/11
  9635 | D:11     | Reached skill level 10 in Axes
  9812 | D:11     | Noticed a brown ugly thing
  9825 | D:11     | Killed a brown ugly thing
  9831 | D:11     | Gained mutation: You are somewhat resistant to further mutation. [mutagenic meat]
  9919 | D:11     | Noticed Xcelar's ghost (novice FoFi)
  9931 | D:11     | Killed Xcelar's ghost
  9931 | D:11     | Reached skill level 10 in Fighting
 10307 | D:10     | Bought a potion of beneficial mutation for 490 gold pieces
 10417 | D:10     | Noticed a hill giant
 10431 | D:10     | Killed a hill giant
 10800 | D:10     | Found a staircase to the Orcish Mines.
 11080 | D:11     | Noticed Erolcha
 11081 | D:11     | Noticed a hill giant
 11088 | D:11     | Killed Erolcha
 11090 | D:11     | Killed a hill giant
 11394 | D:11     | Found a runed door.
 11665 | D:11     | Received a gift from Trog
 11780 | D:11     | Reached XP level 12. HP: 99/99 MP: 8/12
 11796 | D:11     | Noticed a fire giant
 11811 | D:11     | Killed a fire giant
 12116 | Lair:1   | Entered Level 1 of the Lair of Beasts
 12229 | Lair:1   | Noticed Sonja
 12239 | Lair:1   | Slain by Sonja

Vault maps used:
D:1:      dpeg_arrival_more_subterranean_lakeside_camping
D:2:      lemuel_round_altar, first_bread, uniq_iyjb
D:3:      lemuel_crystal_altar, uniq_crazy_yiuf_cottage, uniq_robin
D:4:      elyvilon_altar_4, zin_purify, lemuel_crystal_altar,
          vehumet_altar_wand_db, minmay_temple_entry_fiery
D:5:      cheibriados_altar_1, overflow_temple_1_default, kennysheep_mini,
          serial_shops, nicolae_shop_trees, nicolae_shop_overgrown_old_shop,
          nicolae_shop_behind_doors, hangedman_decor_push
D:6:      nemelex_xobeh_ov_fountains_minmay, nicolae_ossuary_entry_plus,
          nrook_pool_corridor, dk_xom_monty_hall, uniq_edmund
D:7:      kennysheep_big_flooded_room, okawaru_metal_pillars_3, basic_altar,
          uniq_menkaure, uniq_pikel
D:8:      makhleb_altar_promises_db, blue_anna_alchemist, grunt_decor_one_mirror
D:9:      grunt_gozag_breadcrumbs, lemuel_doored_altar, dpeg_lair_monsters,
          nemelex_spade_bored_becter, uniq_maurice, uniq_psyche
D:10:     orc_0_dummy, nicolae_trove_entry_path_of_doom,
          nicolae_transmutations_shop
D:11:     lightli_airlock, uniq_erolcha
D:12:     serial_shops, shop, nemelex_diamond_rough_becter, uniq_snorg
Lair:1:   grunt_megastairs_5, uniq_sonja, uniq_fannar
Ossuary:  ossuary_the_hunt_dpeg

Skill      XL: |  1  2  3  4  5  6  7  8  9 10 11 12 |
---------------+-------------------------------------+-----
Axes           | 3 4 5 6 8 9 11 | 11.5
Dodging        | 2 3 4 5 |  5.5
Fighting       | 4 5 6 8 9 10 11 | 11.1
Armour         | 2 3 4 6 7 9 |  9.4
Stealth        | 1 2 3 |  3.1
Throwing       | |  0.8
Evocations     | |  0.4

Action                   |  1- 3 |  4- 6 |  7- 9 | 10-12 || total
-------------------------+-------+-------+-------+-------++-------
Melee: Hand axe          |    61 |   150 |   222 |       ||   433
       Kick              |       |    35 |   104 |   164 ||   303
       War axe           |       |       |    57 |   342 ||   399
       Unarmed           |       |       |     4 |     8 ||    12
Throw: Tomahawk          |       |       |       |     4 ||     4
Invok: Trog's Hand       |     1 |     1 |     1 |     8 ||    11
       Berserk           |       |     1 |     5 |     7 ||    13
       Brothers in Arms  |       |       |     1 |       ||     1
 Abil: Evoke Flight      |     1 |       |       |       ||     1
Evoke: Rod               |       |       |     1 |       ||     1
  Use: Scroll            |       |    11 |    19 |     5 ||    35
       Potion            |       |       |     1 |     4 ||     5
 Stab: Sleeping          |     1 |     2 |       |       ||     3
  Eat: Chunk             |     2 |    11 |    16 |    14 ||    43
       Fruit             |       |       |       |     7 ||     7
       Bread ration      |       |       |       |     2 ||     2
Armor: Animal skin       |    11 |       |       |       ||    11
       Leather armour    |       |    19 |       |       ||    19
       Chain mail        |       |    16 |    86 |       ||   102
       Plate armour      |       |       |    48 |   173 ||   221
       Skin              |       |       |     1 |     1 ||     2
Dodge: Dodged            |    29 |    68 |   161 |   177 ||   435
Block: Other             |       |       |    13 |    31 ||    44
       Reflection        |       |       |       |     1 ||     1
